 Dungeon Crawl Stone Soup version 0.17.1-1-g73c8601 (webtiles) character file.

4630 Onyx the Cruncher (level 10, 0/90 HPs)
             Began as a Minotaur Gladiator on June 8, 2016.
             Was a High Priest of Qazlal.
             Slain by a yak (6 damage)
             ... on level 8 of the Dungeon.
             The game lasted 00:31:00 (7055 turns).

Onyx the Cruncher (Minotaur Gladiator)              Turns: 7055, Time: 00:31:00

Health: 0/90       AC: 14    Str: 21    XL:     10   Next: 19%
Magic:  7/9        EV: 11    Int:  5    God:    Qazlal [*****.]
Gold:   299        SH:  6    Dex: 13    Spells: 0 memorised, 9 levels left

rFire  . . .     SeeInvis .     a - +2 quarterstaff
rCold  . . .     Clarity  .     k - +0 chain mail
rNeg   . . .     SustAt   .     (shield currently unavailable)
rPois  .         Gourm    .     c - +0 hat
rElec  .         Spirit   .     (no cloak)
rCorr  .         Warding  .     (no gloves)
rMut   .         Stasis   .     (no boots)
MR     .....                    (no amulet)
Stlth  ..........               (no ring)
                                (no ring)

@: protected from physical damage, repel missiles, not resistant to hostile
enchantments, extremely unstealthy
A: retaliatory headbutt, horns 2
a: Upheaval, Elemental Force, Disaster Area, Renounce Religion


You were on level 8 of the Dungeon.
You worshipped Qazlal.
Qazlal was extremely pleased with you.
You were near starving.

You visited 1 branch of the dungeon, and saw 9 of its levels.
You also visited: Sewer and Ossuary.

You collected 299 gold pieces.

Inventory:

Hand Weapons
 a - a +2 quarterstaff (weapon)
 s - a +3 club
 L - a +1 morningstar of protection
 P - a +1 dagger of draining
 Q - a cursed -3 dagger
Missiles
 p - 11 tomahawks (quivered)
 A - 3 tomahawks of dispersal
Armour
 b - a +0 leather armour
 c - a +0 hat (worn)
 k - a +0 chain mail (worn)
 y - a +2 ring mail of cold resistance
 K - a +2 pair of boots
Jewellery
 o - an uncursed ring of protection from magic
 S - a +3 ring of dexterity {unknown}
Wands
 f - a wand of digging (5)
 x - a wand of flame (24)
 R - a wand of magic darts (15)
 T - a wand of fire (7)
 U - a wand of draining (4)
Scrolls
 h - 2 scrolls of noise {unknown}
 m - 2 scrolls of teleportation {unknown}
 t - 3 scrolls of enchant armour {unknown}
 D - 6 scrolls of identify
 H - a scroll of remove curse
 I - a scroll of fog {unknown}
 J - 3 scrolls of recharging {unknown}
 N - a scroll of fear {unknown}
Potions
 j - 7 potions of curing
 u - 2 potions of might {unknown}
 v - 2 potions of brilliance {unknown}
 w - 2 potions of berserk rage
 B - a potion of lignification {unknown}
 C - 2 potions of flight {unknown}
 E - 2 potions of invisibility {unknown}
 F - 4 potions of magic {unknown}
 G - 3 potions of cure mutation {unknown}
 O - 2 potions of haste {unknown}
 V - a potion of mutation {unknown}
Books
 z - a book of the Tempests

   Spells                             Type                      Level
   a - Static Discharge               Conjuration/Air              3
   b - Lightning Bolt                 Conjuration/Air              5
   c - Fireball                       Conjuration/Fire             5
   d - Tornado                        Air                          9
   e - Shatter                        Earth                        9
 M - a book of the Warp

   Spells                             Type                      Level
   a - Recall                         Summoning/Translocation      3
   b - Gell's Gravitas                Hexes/Translocation          3
   c - Force Lance                    Conjuration/Translocation    4
   d - Phase Shift                    Translocation                5
   e - Warp Weapon                    Charms/Translocation         5
   f - Summon Forest                  Summoning/Translocation      5
Comestibles
 e - 3 bread rations
 i - a royal jelly
 l - 11 fruits
 n - 4 meat rations
 r - 2 beef jerkies


   Skills:
 + Level 8.5 Fighting
 + Level 10.5 Staves
 + Level 2.5 Throwing
 + Level 9.0 Armour
 + Level 7.3 Dodging
 + Level 3.0 Stealth
 + Level 0.4 Invocations


You had 9 spell levels left.
You didn't know any spells.

Dungeon Overview and Level Annotations

Branches:
Dungeon (9/15)             Temple (0/1) D:5
   Lair: D:8-11         Orc: D:9-12

Altars:
Dithmenos
Elyvilon
Gozag
Qazlal
Zin


Innate Abilities, Weirdness & Mutations

You reflexively headbutt those who attack you in melee.
You have a pair of horns on your head.


Message History

Qazlal accepts your kill.
Your Armour skill increases to level 9!
Your Stealth skill increases to level 3!
You thump the necrophage!
You destroy the necrophage!
Qazlal accepts your kill.
You can now call upon nature's wrath in a wide area around you.
The yak gores you but does no damage. The yak gores you.
* * * LOW HITPOINT WARNING * * *
Items here: $ ( ) † an uncursed shortbow; 22 arrows; 11 gold pieces; a wolf corpse You hit the yak.
You headbutt the yak, but do no damage.
The yak is lightly wounded.
The yak gores you!
* * * LOW HITPOINT WARNING * * *
Things that are here:
2 curare-tipped needles; 16 gold pieces Unknown command.
The yak gores you.
You die...

##[##....)........
##))##.#.)..#......
##..)(....#.##..####
#.....#)###.#..#####
########...###.##....####
##...(##...# #.....## ###
##.§..##...###.###.####
>...S.(.......§Y.....+
##....##o.....(#@§.#.#
.....§##...o..Y§.#.#
...o../........### #
..#............#
.###c..........# .#
#...........#
.####......##.##
.oo#....##. #. ##o.....##
..


You could see 2 yaks and an orc.

Vanquished Creatures
  Pikel (D:6)
  Grinder (D:4)
  Sigmund (D:6)
  2 hippogriffs
  Grum (D:8)
  A yak (D:8)
  4 wolves (D:8)
  A phantom (D:4)
  An ice beast (D:6)
  2 necrophages
  An orc warrior (D:8)
  A sky beast (D:6)
  3 slaves (D:6)
  4 centaurs
  5 ogres
  An elf zombie (Ossuary)
  Blork the orc (D:5)
  4 giant frogs
  A scorpion (D:8)
  3 wights (D:8)
  A vampire bat (D:5)
  3 human zombies (Ossuary)
  2 jellies
  An orc priest (D:7)
  2 giant frog skeletons
  A centaur skeleton (D:5)
  A hound (D:7)
  An iguana (D:7)
  3 orc wizards
  4 worker ants
  A big kobold zombie (Ossuary)
  2 mummies (Ossuary)
  Robin (D:2)
  3 gnolls (D:4)
  7 adders
  6 river rats (Sewer)
  An ooze (D:2)
  6 worms
  3 fire bats (D:5)
  5 giant geckos
  23 orcs
  2 spectral bats (D:5)
  12 bats
  3 bat skeletons (D:5)
  A bat zombie (D:5)
  2 giant cockroaches
  15 goblins
  5 hobgoblins
  4 kobolds
  3 quokkas
  4 ball pythons
  A bat simulacrum (D:5)
  A giant gecko skeleton (D:6)
  10 giant newts
  2 goblin zombies (Ossuary)
  12 hobgoblin zombies (Ossuary)
  7 jackals
  2 jackal zombies (Ossuary)
  7 kobold zombies (Ossuary)
  8 orc zombies (Ossuary)
  13 rats
  A rat zombie (Ossuary)
231 creatures vanquished.

Vanquished Creatures (others)
  An adder (D:6)
1 creature vanquished.

Grand Total: 232 creatures vanquished

Notes
Turn   | Place    | Note
--------------------------------------------------------------
     0 | D:1      | Onyx the Minotaur Gladiator began the quest for the Orb.
     0 | D:1      | Reached XP level 1. HP: 18/18 MP: 0/0
   220 | D:1      | Reached XP level 2. HP: 25/25 MP: 1/1
   501 | D:1      | Reached skill level 4 in Staves
  1202 | D:2      | Found a stormy altar of Qazlal.
  1214 | D:2      | Became a worshipper of Qazlal Stormbringer
  1470 | D:2      | Reached skill level 1 in Armour
  1470 | D:2      | Reached XP level 3. HP: 25/30 MP: 2/2
  2255 | D:2      | Found an opulent altar of Gozag.
  2256 | D:2      | Found a glowing silver altar of Zin.
  2296 | D:2      | Noticed Robin
  2309 | D:2      | Reached XP level 4. HP: 33/38 MP: 3/3
  2321 | D:2      | Killed Robin
  2601 | D:3      | Reached * piety under Qazlal
  3211 | D:4      | Noticed a phantom
  3226 | D:4      | Killed a phantom
  3226 | D:4      | Reached skill level 5 in Staves
  3226 | D:4      | Reached XP level 5. HP: 29/45 MP: 4/4
  3332 | D:4      | Noticed Grinder
  3344 | D:4      | Killed Grinder
  3344 | D:4      | Reached skill level 5 in Dodging
  3344 | D:4      | Reached XP level 6. HP: 24/52 MP: 5/5
  3483 | D:4      | Reached skill level 6 in Staves
  3577 | D:4      | Noticed an ogre
  3585 | D:4      | Killed an ogre
  3585 | D:4      | Reached XP level 7. HP: 54/60 MP: 6/6
  4021 | D:5      | Entered Level 5 of the Dungeon
  4059 | D:5      | Noticed Blork the orc
  4066 | D:5      | Killed Blork the orc
  4108 | D:5      | Found a staircase to the Ecumenical Temple.
  4146 | D:5      | Found a white marble altar of Elyvilon.
  4193 | D:5      | Found a sand-covered staircase.
  4201 | Ossuary  | Entered an ossuary
  4229 | Ossuary  | Reached ** piety under Qazlal
  4254 | Ossuary  | Reached skill level 1 in Stealth
  4274 | Ossuary  | Reached skill level 5 in Fighting
  4513 | Ossuary  | Reached skill level 7 in Staves
  4513 | Ossuary  | Reached skill level 5 in Armour
  4902 | D:5      | Reached *** piety under Qazlal
  4908 | D:5      | Reached XP level 8. HP: 69/69 MP: 7/7
  5129 | D:6      | Reached skill level 8 in Staves
  5294 | D:6      | Noticed Sigmund
  5302 | D:6      | Noticed Pikel
  5307 | D:6      | Killed Sigmund
  5323 | D:6      | Killed Pikel
  5323 | D:6      | Reached XP level 9. HP: 54/78 MP: 8/8
  5415 | D:6      | Reached skill level 9 in Staves
  5662 | D:6      | Found a glowing drain.
  5671 | Sewer    | Entered a sewer
  5696 | Sewer    | Reached **** piety under Qazlal
  6405 | D:7      | Found a shadowy altar of Dithmenos.
  6831 | D:7      | You fall through a shaft for 2 floors!
  6921 | D:8      | Reached skill level 10 in Staves
  6996 | D:8      | Reached ***** piety under Qazlal
  7009 | D:8      | Reached XP level 10. HP: 53/88 MP: 9/9
  7013 | D:8      | Noticed Grum
  7022 | D:8      | Killed Grum
  7024 | D:8      | HP: 4/90 [yak (5)]
  7049 | D:8      | HP: 4/90 [yak (8)]
  7055 | D:8      | Slain by a yak

Action                   |  1- 3 |  4- 6 |  7- 9 | 10-12 || total
-------------------------+-------+-------+-------+-------++-------
Melee: Quarterstaff      |    84 |    99 |   362 |    22 ||   567
Throw: Throwing net      |       |     1 |     5 |       ||     6
       Tomahawk          |       |       |     1 |       ||     1
Invok: Upheaval          |       |       |       |     1 ||     1
  Use: Scroll            |     4 |     5 |     3 |       ||    12
       Potion            |     4 |       |     3 |     3 ||    10
 Stab: Held in net/web   |       |     1 |     3 |       ||     4
       Distracted        |       |       |     1 |       ||     1
  Eat: Chunk             |     1 |     6 |     5 |       ||    12
       Fruit             |     2 |       |       |       ||     2
       Bread ration      |       |       |     1 |       ||     1
